TOP OF THE 1ST |
Pocatello Boccabellas batting - Pitching for Madison Bombers : RHP Roberto Reyes
|
Pitching: RHP Roberto Reyes
|
|
Batting: RHB José Delgado
|
0-0: SINGLE (Groundball, 56D)
|
Batting: RHB Marlon Phipps
|
0-0: Called Strike 0-1: Ball 1-1: Foul Ball, location: 2F 1-2: Ball 2-2: Ball 3-2: Base on Balls José Delgado to second
|
Batting: LHB Juan Cortés
|
0-0: Ball 1-0: Ball Passed Ball! José Delgado to third Marlon Phipps to second 2-0: Foul Ball, location: 2F 2-1: Swinging Strike 2-2: Ball 3-2: Base on Balls
|
Batting: RHB Francisco Sandoval
|
0-0: Ball 1-0: Called Strike 1-1: Called Strike 1-2: Strikes out swinging
|
Batting: LHB Norberto Muñóz
|
0-0: Called Strike 0-1: Called Strike 0-2: Ball 1-2: Ball 2-2: Foul Ball, location: 2F 2-2: Ball 3-2: Strikes out swinging
|
Batting: RHB Sugita Ito
|
0-0: Foul Ball, location: 2F 0-1: Foul Ball, location: 2F 0-2: Strikes out swinging
|
Top of the 1st over - 0 run(s), 1 hit(s), 0 error(s), 3 left on base; Pocatello 0 - Madison 0 |
BOTTOM OF THE 1ST |
Madison Bombers batting - Pitching for Pocatello Boccabellas : RHP José Rojas
|
Pitching: RHP José Rojas
|
|
Batting: LHB Robin Hill
|
0-0: Called Strike 0-1: Ground out U3 (Groundball, 3S)
|
Batting: RHB Sergio Márquez
|
0-0: Ball 1-0: Called Strike 1-1: Ball 2-1: Called Strike 2-2: Foul Ball, location: 2F 2-2: Strikes out swinging
|
Batting: SHB Michael McDonald
|
0-0: Called Strike 0-1: Ball 1-1: Swinging Strike 1-2: Strikes out looking
|
Bottom of the 1st over - 0 run(s), 0 hit(s), 0 error(s), 0 left on base; Pocatello 0 - Madison 0 |
TOP OF THE 2ND |
Pocatello Boccabellas batting - Pitching for Madison Bombers : RHP Roberto Reyes
|
Batting: LHB David Monahan
|
0-0: Ball 1-0: Called Strike 1-1: SOLO HOME RUN (Flyball, 89XD), Distance : 393 ft
|
Batting: RHB Pete Harvey
|
0-0: Called Strike 0-1: Foul Ball, location: 2F 0-2: Foul Ball, location: 2F 0-2: Foul Ball, location: 2F 0-2: Strikes out looking
|
Batting: RHB Teddy Bates
|
0-0: Foul Ball, location: 2F 0-1: Swinging Strike 0-2: Ball 1-2: Ball 2-2: Strikes out swinging
|
Batting: RHB José Delgado
|
0-0: Ball 1-0: Called Strike 1-1: Ground out 6-3 (Groundball, 6)
|
Top of the 2nd over - 1 run(s), 1 hit(s), 0 error(s), 0 left on base; Pocatello 1 - Madison 0 |
BOTTOM OF THE 2ND |
Madison Bombers batting - Pitching for Pocatello Boccabellas : RHP José Rojas
|
Batting: RHB Bailey Ramsey
|
0-0: Ball 1-0: Called Strike 1-1: Called Strike 1-2: Fly out, F8 (Flyball, 8RS)
|
Batting: LHB Dave Williams
|
0-0: Called Strike 0-1: Swinging Strike 0-2: Strikes out swinging
|
Batting: SHB Derek Roach
|
0-0: Foul Ball, location: 2F 0-1: Foul Ball, location: 2F 0-2: Foul Ball, location: 2F 0-2: Foul Ball, location: 2F 0-2: Ball 1-2: Foul Ball, location: 2F 1-2: Ball 2-2: Ball 3-2: Foul Ball, location: 2F 3-2: DOUBLE (Line Drive, 9LS)
|
Batting: LHB José Santos
|
0-0: Called Strike 0-1: Fly out, F7 (Flyball, 78M)
|
Bottom of the 2nd over - 0 run(s), 1 hit(s), 0 error(s), 1 left on base; Pocatello 1 - Madison 0 |
TOP OF THE 3RD |
Pocatello Boccabellas batting - Pitching for Madison Bombers : RHP Roberto Reyes
|
Batting: RHB Marlon Phipps
|
0-0: Called Strike 0-1: Foul Ball, location: 2F 0-2: Ball 1-2: Strikes out looking
|
Batting: LHB Juan Cortés
|
0-0: Called Strike 0-1: Foul Ball, location: 2F 0-2: Ball 1-2: Ground out 5-3 (Groundball, 5L)
|
Batting: RHB Francisco Sandoval
|
0-0: Ground out 6-3 (Groundball, 56)
|
Top of the 3rd over - 0 run(s), 0 hit(s), 0 error(s), 0 left on base; Pocatello 1 - Madison 0 |
BOTTOM OF THE 3RD |
Madison Bombers batting - Pitching for Pocatello Boccabellas : RHP José Rojas
|
Batting: LHB Keith Tillman
|
0-0: Fly out, F7 (Flyball, 7S)
|
Batting: RHB Edward Franks
|
0-0: Swinging Strike 0-1: Called Strike 0-2: Ball 1-2: Foul Ball, location: 2F 1-2: Foul Ball, location: 2F 1-2: Strikes out swinging
|
Batting: LHB Robin Hill
|
0-0: Called Strike 0-1: Ball 1-1: SINGLE (Line Drive, 9S)
|
Batting: RHB Sergio Márquez
|
0-0: Called Strike Throwing error on steal attempt, E2 Robin Hill to third 0-1: Called Strike 0-2: Ground out 6-3 (Groundball, 6M)
|
Bottom of the 3rd over - 0 run(s), 1 hit(s), 1 error(s), 1 left on base; Pocatello 1 - Madison 0 |
TOP OF THE 4TH |
Pocatello Boccabellas batting - Pitching for Madison Bombers : RHP Roberto Reyes
|
Batting: LHB Norberto Muñóz
|
0-0: Ball 1-0: Ball 2-0: Called Strike 2-1: SOLO HOME RUN (Flyball, 9D), Distance : 378 ft
|
Batting: RHB Sugita Ito
|
0-0: Ball 1-0: Foul Ball, location: 2F 1-1: Ball 2-1: Ball 3-1: Ground out 6-3 (Groundball, 6)
|
Batting: LHB David Monahan
|
0-0: Foul Ball, location: 2F 0-1: Ball 1-1: Ground out 1-3 (Groundball, 15S)
|
Batting: RHB Pete Harvey
|
0-0: Called Strike 0-1: Ball 1-1: Ball 2-1: Ball 3-1: Ground out 6-3 (Groundball, 6)
|
Top of the 4th over - 1 run(s), 1 hit(s), 0 error(s), 0 left on base; Pocatello 2 - Madison 0 |
BOTTOM OF THE 4TH |
Madison Bombers batting - Pitching for Pocatello Boccabellas : RHP José Rojas
|
Batting: SHB Michael McDonald
|
0-0: SINGLE (Groundball, 4M)
|
Batting: RHB Bailey Ramsey
|
0-0: Called Strike 0-1: Ball 1-1: Foul Ball, location: 2F 1-2: Fly out, F8 (Flyball, 8LD)
|
Batting: LHB Dave Williams
|
0-0: Swinging Strike 0-1: Ball 1-1: Foul Ball, location: 2F 1-2: Strikes out looking
|
Batting: SHB Derek Roach
|
0-0: Ball 1-0: Ball 2-0: Called Strike 2-1: Foul Ball, location: 2F 2-2: Strikes out swinging
|
Bottom of the 4th over - 0 run(s), 1 hit(s), 0 error(s), 1 left on base; Pocatello 2 - Madison 0 |
TOP OF THE 5TH |
Pocatello Boccabellas batting - Pitching for Madison Bombers : RHP Roberto Reyes
|
Batting: RHB Teddy Bates
|
0-0: Ball 1-0: Ball 2-0: Called Strike 2-1: Foul Ball, location: 2F 2-2: Ground out 6-3 (Groundball, 6M)
|
Batting: RHB José Delgado
|
0-0: Swinging Strike 0-1: Foul Ball, location: 2F 0-2: Ball 1-2: Fly out, F8 (Flyball, 8RM)
|
Batting: RHB Marlon Phipps
|
0-0: Swinging Strike 0-1: Ball 1-1: Ball 2-1: Foul Ball, location: 2F 2-2: Foul Ball, location: 2F 2-2: Foul Ball, location: 2F 2-2: Ball 3-2: Strikes out swinging
|
Top of the 5th over - 0 run(s), 0 hit(s), 0 error(s), 0 left on base; Pocatello 2 - Madison 0 |
BOTTOM OF THE 5TH |
Madison Bombers batting - Pitching for Pocatello Boccabellas : RHP José Rojas
|
Batting: LHB José Santos
|
0-0: Ball 1-0: TRIPLE (Flyball, 9D)
|
Batting: LHB Keith Tillman
|
0-0: Fly out, F7 (Flyball, 7S)
|
Batting: RHB Edward Franks
|
0-0: Ball 1-0: Called Strike 1-1: Ground out 6-3 (Groundball, 6) José Santos scores
|
Batting: LHB Robin Hill
|
0-0: Called Strike 0-1: Ball 1-1: Foul Ball, location: 2F 1-2: Strikes out swinging
|
Bottom of the 5th over - 1 run(s), 1 hit(s), 0 error(s), 0 left on base; Pocatello 2 - Madison 1 |
TOP OF THE 6TH |
Pocatello Boccabellas batting - Pitching for Madison Bombers : RHP Roberto Reyes
|
Batting: LHB Juan Cortés
|
0-0: Ground out 6-3 (Groundball, 6)
|
Batting: RHB Francisco Sandoval
|
0-0: Called Strike 0-1: Swinging Strike 0-2: Ball 1-2: Strikes out swinging
|
Batting: LHB Norberto Muñóz
|
0-0: Ball 1-0: Swinging Strike 1-1: Ball 2-1: Foul Ball, location: 2F 2-2: Strikes out swinging
|
Top of the 6th over - 0 run(s), 0 hit(s), 0 error(s), 0 left on base; Pocatello 2 - Madison 1 |
BOTTOM OF THE 6TH |
Madison Bombers batting - Pitching for Pocatello Boccabellas : RHP José Rojas
|
Batting: RHB Sergio Márquez
|
0-0: Called Strike 0-1: Ball 1-1: Ball 2-1: Foul Ball, location: 2F 2-2: Strikes out swinging
|
Batting: SHB Michael McDonald
|
0-0: Ground out 5-3 (Groundball, 56S)
|
Batting: RHB Bailey Ramsey
|
0-0: Ball 1-0: Ball 2-0: Ground out 6-3 (Groundball, 6)
|
Bottom of the 6th over - 0 run(s), 0 hit(s), 0 error(s), 0 left on base; Pocatello 2 - Madison 1 |
TOP OF THE 7TH |
Pocatello Boccabellas batting - Pitching for Madison Bombers : RHP Roberto Reyes
|
Pitching: RHP Manny Canseco
|
|
Batting: RHB Sugita Ito
|
0-0: Ball 1-0: Ball 2-0: Ball 3-0: Called Strike 3-1: Base on Balls
|
Batting: LHB David Monahan
|
0-0: Bunted foul 0-1: Ball 1-1: Ball 2-1: Sac Bunt - play at second, runner OUT! 1-6
|
Pinch Hitting: RHB Keith Kirkpatrick
|
0-0: Fielders Choice at 2nd, 1-6 (Groundball, 15S)
|
Batting: RHB Teddy Bates
|
0-0: Fly out, F6 (Popup, 6)
|
Top of the 7th over - 0 run(s), 0 hit(s), 0 error(s), 1 left on base; Pocatello 2 - Madison 1 |
BOTTOM OF THE 7TH |
Madison Bombers batting - Pitching for Pocatello Boccabellas : RHP José Rojas
|
Now at SS: Jesús Ramírez
|
|
Batting: LHB Dave Williams
|
0-0: Called Strike 0-1: Ball 1-1: Swinging Strike 1-2: Ball 2-2: Strikes out looking
|
Batting: SHB Derek Roach
|
0-0: Swinging Strike 0-1: Called Strike 0-2: Strikes out swinging
|
Batting: LHB José Santos
|
0-0: Ball 1-0: Foul Ball, location: 2F 1-1: Ball 2-1: Foul Ball, location: 2F 2-2: Ball 3-2: Ground out 4-3 (Groundball, 4)
|
Bottom of the 7th over - 0 run(s), 0 hit(s), 0 error(s), 0 left on base; Pocatello 2 - Madison 1 |
TOP OF THE 8TH |
Pocatello Boccabellas batting - Pitching for Madison Bombers : RHP Manny Canseco
|
Batting: RHB José Delgado
|
0-0: SOLO HOME RUN (Flyball, 89XD), Distance : 376 ft
|
Batting: RHB Marlon Phipps
|
0-0: Fly out, F7 (Flyball, 7S)
|
Batting: LHB Juan Cortés
|
0-0: Called Strike 0-1: Ball 1-1: Ground out 4-3 (Groundball, 34)
|
Batting: RHB Francisco Sandoval
|
0-0: Ball 1-0: Ball 2-0: Fly out, F8 (Flyball, 8LS)
|
Top of the 8th over - 1 run(s), 1 hit(s), 0 error(s), 0 left on base; Pocatello 3 - Madison 1 |
BOTTOM OF THE 8TH |
Madison Bombers batting - Pitching for Pocatello Boccabellas : RHP José Rojas
|
Pitching: RHP Manny Benavides
|
|
Batting: LHB Keith Tillman
|
0-0: Foul Ball, location: 2F 0-1: Called Strike 0-2: Ground out 4-3 (Groundball, 4)
|
Batting: RHB Edward Franks
|
0-0: Ball 1-0: Swinging Strike 1-1: Ball 2-1: Called Strike 2-2: Ball 3-2: Foul Ball, location: 2F 3-2: Foul Ball, location: 2F 3-2: Foul Ball, location: 2F 3-2: Foul Ball, location: 2F 3-2: SINGLE (Line Drive, 6D)
|
Pitching: LHP Mario Tobías
|
|
Batting: LHB Robin Hill
|
0-0: Called Strike 0-1: Fielders Choice at 2nd, 6-4 (Groundball, 6)
|
Pitching: RHP Bill Lowe
|
|
Batting: RHB Sergio Márquez
|
0-0: Ball 1-0: Ball 2-0: Called Strike 2-1: Swinging Strike Reached via error on a dropped throw, E3 Robin Hill to second
|
Pitching: LHP Adrián León
|
|
Pinch Hitting: RHB Vicente Aguirre
|
0-0: Ball 1-0: Ball 2-0: Foul Ball, location: 2F 2-1: Swinging Strike 2-2: Ground out 5-3 (Groundball, 56)
|
Bottom of the 8th over - 0 run(s), 1 hit(s), 1 error(s), 2 left on base; Pocatello 3 - Madison 1 |
TOP OF THE 9TH |
Pocatello Boccabellas batting - Pitching for Madison Bombers : RHP Manny Canseco
|
Now at 1B: Vicente Aguirre
|
|
Batting: LHB Norberto Muñóz
|
0-0: Ball 1-0: Ball 2-0: Ground out 4-3 (Groundball, 4)
|
Batting: RHB Sugita Ito
|
0-0: Ground out 5-3 (Groundball, 5)
|
Batting: LHB David Monahan
|
0-0: Called Strike 0-1: Ball 1-1: Ground out 4-3 (Groundball, 4)
|
Top of the 9th over - 0 run(s), 0 hit(s), 0 error(s), 0 left on base; Pocatello 3 - Madison 1 |
BOTTOM OF THE 9TH |
Madison Bombers batting - Pitching for Pocatello Boccabellas : LHP Adrián León
|
Pitching: RHP Adrián Martínez
|
|
Batting: RHB Bailey Ramsey
|
0-0: Called Strike 0-1: SINGLE (Groundball, 6MD)
|
Batting: LHB Dave Williams
|
0-0: Ground out U3 (Groundball, 3S) Bailey Ramsey to second
|
Batting: SHB Derek Roach
|
0-0: Called Strike 0-1: Fly out, F8 (Flyball, 8LD) Runner from 2nd tags up, SAFE at 3rd, no throw
|
Batting: LHB José Santos
|
0-0: Ball Wild Pitch! Bailey Ramsey scores 1-0: Ball 2-0: Foul Ball, location: 2F 2-1: Ball 3-1: Base on Balls
|
Batting: LHB Keith Tillman
|
0-0: Ball 1-0: Foul Ball, location: 2F 1-1: Ball 2-1: Ball 3-1: Fly out, F7 (Flyball, 7LS)
|
Bottom of the 9th over - 1 run(s), 1 hit(s), 0 error(s), 1 left on base; Pocatello 3 - Madison 2 |
|